 Dungeon Crawl Stone Soup version 0.29-a0-845-g6161e89988 (webtiles) character file.

Game seed: 9737649395165694325

547 omnesmortales the Poker (level 7, -7/60 HPs)
             Began as a Gnoll Cinder Acolyte on July 15, 2022.
             Was a High Priest of Ignis.
             Hit by a javelin thrown by an orc (9 damage)
             ... on level 5 of the Dungeon.
             The game lasted 00:49:51 (5024 turns).

omnesmortales the Poker (Gnoll Cinder Acolyte)      Turns: 5024, Time: 00:49:51

Health: -7/60      AC:  3    Str: 15    XL:     7   Next: 28%
Magic:  0/12       EV: 12    Int: 19    God:    Ignis [*****.]
Gold:   278        SH:  0    Dex:  8    Spells: 10/13 levels left

rFire   + + +      SeeInvis +   z - +10 trident of the Ninety-Nine Coins {vorpal, *Slow rF+++ Will+ Stlth+}
rCold   . . .      Faith    .   (no shield)
rNeg    . . .      Spirit   .   b - +0 robe
rPois   .          Reflect  .   (no helmet)
rElec   .          Harm     .   (no cloak)
rCorr   .          Rampage  .   (no gloves)
Will    +....                   l - +0 pair of boots
Stlth   +++.......              (no amulet)
HPRegen 0.20/turn               o - +6 ring of intelligence
MPRegen 0.13/turn               p - ring of see invisible

@: no status effects
A: fangs 1, strong nose, distributed training
a: Renounce Religion, Fiery Armour, Foxfire Swarm, Rising Flame


You were on level 5 of the Dungeon.
You worshipped Ignis.
Ignis was extremely pleased with you.
You visited 1 branch of the dungeon, and saw 5 of its levels.

You collected 278 gold pieces.

Inventory:

Hand Weapons
 a - a -1 spear of flaming
 m - a +0 halberd
 z - the +10 trident of the Ninety-Nine Coins (weapon) {vorpal, *Slow rF+++ Will+ Stlth+}
   (You found it on level 3 of the Dungeon)

   It inflicts extra damage upon your enemies.
   rF:        It renders you almost immune to fire.
   *Slow:     It may slow you when you take damage.
   Will:      It increases your willpower.
   Stlth:     It makes you more stealthy.
 E - a +2 short sword of freezing
 G - a +2 long sword of protection
Missiles
 i - 3 javelins (quivered)
 v - a throwing net
Armour
 b - a +0 robe (worn)
 l - a +0 pair of boots (worn)
Jewellery
 o - a +6 ring of intelligence (left hand)
 p - a ring of see invisible (right hand)
 y - an amulet of guardian spirit
 B - a ring of flight
Wands
 C - a wand of polymorph (8)
Scrolls
 e - a scroll of amnesia
 f - a scroll of enchant armour {unknown}
 g - 2 scrolls of teleportation
 j - a scroll of enchant weapon
 k - a scroll of immolation
 n - 2 scrolls of silence
 s - 2 scrolls of noise {unknown}
 t - a scroll of fear {unknown}
 w - a scroll of blinking {unknown}
 A - 2 scrolls of fog {unknown}
 D - a scroll of torment {unknown}
 F - a scroll of vulnerability {unknown}
 H - a scroll of identify
Potions
 c - a potion of might {unknown}
 d - 3 potions of mutation {unknown}
 h - 2 potions of berserk rage {unknown}
 q - a potion of ambrosia {unknown}
 r - a potion of magic {unknown}
 u - a potion of heal wounds {unknown}
 x - a potion of lignification {unknown}


   Skills:
 + Level 7.0 Fighting
 + Level 2.5 Short Blades
 + Level 2.5 Long Blades
 + Level 2.5 Axes
 + Level 2.5 Maces & Flails
 + Level 7.0 Polearms
 + Level 2.5 Staves
 + Level 2.5 Ranged Weapons
 + Level 2.5 Throwing
 + Level 2.5 Armour
 + Level 2.5 Dodging
 + Level 2.5 Stealth
 + Level 2.5 Shields
 + Level 2.5 Unarmed Combat
 + Level 3.8 Spellcasting
 + Level 2.0 Conjurations
 + Level 2.0 Hexes
 + Level 2.0 Summonings
 + Level 2.0 Necromancy
 + Level 2.0 Translocations
 + Level 2.0 Transmutations
 + Level 5.8 Fire Magic
 + Level 2.0 Ice Magic
 + Level 2.0 Air Magic
 + Level 2.0 Earth Magic
 + Level 2.0 Poison Magic
 + Level 2.7 Invocations
 + Level 2.5 Evocations


You had 10 spell levels left.
You knew the following spells:

 Your Spells              Type           Power      Damage    Failure   Level
a - Scorch                Fire           50%        2d8       1%          2
b - Necrotise             Necr           44%        1d6       6%          1

Your spell library contained the following spells:

 Spells                   Type           Power      Damage    Failure   Level
 Ozocubu's Armour         Ice            11%        N/A       19%         3
 Vampiric Draining        Necr           11%        2d6       19%         3
 Agony                    Necr           11%        N/A       86%         5
 Ozocubu's Refrigeration  Ice            5%         4d6       100%        7


Dungeon Overview and Level Annotations

Branches:
Dungeon (5/15)
 Temple: D:4-7

Altars:
Uskayaw
Wu Jian

Annotations:
D:4 2 transporters, PyroL's ghost, amateur OpEE


Innate Abilities, Weirdness & Mutations

You have very sharp teeth.
Your uncanny sense of smell can sniff out nearby items.
Your experience applies equally to all skills.


Message History

You feel yourself speed up.
The orc wizard hits you with a +0 dagger.
* * * LOW HITPOINT WARNING * * *
You puncture the orc wizard!
You kill the orc wizard!
An orc comes into view. It is wielding a +0 hand axe.
Casting: Scorch (safe; 1% risk of failure)
Confirm with . or Enter, or press ? or * to list all spells.
Flames lash the orc.
You kill the orc!
The orc barely misses you.
Casting: Scorch (safe; 1% risk of failure)
Confirm with . or Enter, or press ? or * to list all spells.
Flames lash the orc.
The orc is almost dead.
The orc's fire resistance burns away.
The orc hits you with a +0 war axe.
* * * LOW HITPOINT WARNING * * *
You barely miss the orc.
The orc is almost dead.
The orc misses you.
Casting: Scorch (safe; 1% risk of failure)
Confirm with . or Enter, or press ? or * to list all spells.
Okay, then.
The orc attacks as you move away! The orc misses you.
Reach: z) +10 trident of the Ninety-Nine Coins {vorpal, *Slow rF+++ Will+ Stlth+}
Press: ? - help, Dir - move target, f - orc wizard
Aim: an orc wizard, wielding a +0 dagger and wearing a +0 robe (about 35% to evade the +10 trident of the Ninety-Nine Coins)
You reach to attack!
You puncture the orc wizard!
You kill the orc wizard!
Reach: z) +10 trident of the Ninety-Nine Coins {vorpal, *Slow rF+++ Will+ Stlth+}
Press: ? - help, Dir - move target, f - orc
Aim: an orc, wielding a +0 war axe and wearing a +0 leather armour (almost dead, more vulnerable to fire, about 29% to evade the +10 trident of the Ninety-Nine Coins)
You reach to attack!
You barely miss the orc.
The orc is almost dead.
The orc is no longer more vulnerable to fire.
You puncture the orc!
You kill the orc!
The orc throws a javelin.
The javelin barely misses you.
The orc throws a javelin.
The javelin pierces through you!
You die...

.#.# #.# #.......# ##...
.#.###.####.......###......
...........................
...###.####.......##.......
...##.......###..........##
...##..##.....#..........#
...##..##.....#..........#.#
##.##..##.....######'#......
........'.......@.)))....#.
...##.###......#####o#.###
..###.# ######..# #.#...
..'...# ##.# .o# ### ..#####
.# ..# ..# ∆ .# .oo# ..# .#
.o.# ..# .#.o... ..#


You could see an orc.

Vanquished Creatures
  An ice beast (D:3)
  An ogre (D:5)
  An orc priest (D:5)
  Ijyb (D:3)
  4 orc wizards (D:5)
  10 gnolls
  6 adders
  A dart slug (D:3)
  4 orcs (D:5)
  6 ball pythons
  4 bats
  4 endoplasms
  A giant cockroach (D:1)
  4 goblins
  2 hobgoblins
  3 quokkas
  5 frilled lizards
  6 kobolds
  7 rats
71 creatures vanquished.

Vanquished Creatures (others)
  2 plants (D:1)
2 creatures vanquished.

Grand Total: 73 creatures vanquished

Notes
Turn   | Place    | Note
-------+----------+-------------------------------------------
     0 | D:1      | omnesmortales the Gnoll Cinder Acolyte began the quest for
                  | the Orb.
     0 | D:1      | Reached XP level 1. HP: 23/23 MP: 4/4
   272 | D:1      | Reached XP level 2. HP: 29/29 MP: 5/5
   389 | D:1      | Found a faded altar of an unknown god.
   462 | D:1      | Learned a level 2 spell: Scorch
  1118 | D:2      | Reached XP level 3. HP: 34/35 MP: 7/7
  1282 | D:2      | Reached skill level 1 in Invocations
  1309 | D:2      | Reached skill level 1 in Short Blades
  1309 | D:2      | Reached skill level 1 in Long Blades
  1309 | D:2      | Reached skill level 1 in Axes
  1309 | D:2      | Reached skill level 1 in Maces & Flails
  1309 | D:2      | Reached skill level 1 in Staves
  1309 | D:2      | Reached skill level 1 in Ranged Weapons
  1309 | D:2      | Reached skill level 1 in Throwing
  1309 | D:2      | Reached skill level 1 in Armour
  1309 | D:2      | Reached skill level 1 in Dodging
  1309 | D:2      | Reached skill level 1 in Stealth
  1309 | D:2      | Reached skill level 1 in Shields
  1309 | D:2      | Reached skill level 1 in Unarmed Combat
  1309 | D:2      | Reached skill level 1 in Evocations
  1754 | D:2      | Reached XP level 4. HP: 41/41 MP: 8/8
  1901 | D:2      | Reached skill level 1 in Conjurations
  1901 | D:2      | Reached skill level 1 in Hexes
  1901 | D:2      | Reached skill level 1 in Summonings
  1901 | D:2      | Reached skill level 1 in Necromancy
  1901 | D:2      | Reached skill level 1 in Translocations
  1901 | D:2      | Reached skill level 1 in Transmutations
  1901 | D:2      | Reached skill level 1 in Ice Magic
  1901 | D:2      | Reached skill level 1 in Air Magic
  1901 | D:2      | Reached skill level 1 in Earth Magic
  1901 | D:2      | Reached skill level 1 in Poison Magic
  2642 | D:3      | Reached XP level 5. HP: 42/47 MP: 9/9
  2692 | D:3      | Identified the +10 trident of the Ninety-Nine Coins
                  | {vorpal, *Slow rF+++ Will+ Stlth+}
  2900 | D:3      | Noticed Ijyb
  2916 | D:3      | Killed Ijyb
  3115 | D:3      | Noticed an ice beast
  3126 | D:3      | Killed an ice beast
  3127 | D:3      | Reached XP level 6. HP: 30/53 MP: 1/11
  3472 | D:4      | Found a transporter.
  3475 | D:4      | Noticed PyroL's ghost (amateur OpEE)
  3806 | D:4      | Found a transporter.
  3872 | D:4      | Found a hide-covered altar of Uskayaw.
  4174 | D:4      | Learned a level 1 spell: Necrotise
  4357 | D:4      | Found an ornate altar of the Wu Jian Council.
  4633 | D:5      | Entered Level 5 of the Dungeon
  5007 | D:5      | Reached XP level 7. HP: 48/60 MP: 12/12
  5018 | D:5      | HP: 1/60 [orc/+0 war axe (6)]
  5024 | D:5      | Hit by a javelin thrown by an orc

Illustrated notes

Levels and vault maps discovered:
D:1:      grunt_arrival_lava_bath, layout_rooms, basic_ecumenical_altar,
          serial_bayou_lagoon_a
D:2:      layout_basic, serial_corexii_hall, corexii_hall_statues_x,
          corexii_hall_statues_x, chequers_hall_statues_corner_a
D:3:      layout_loops_ring, uniq_ijyb
D:4:      layout_gridville, mainiacjoe_overflow_brackets,
          nzn_wu_jian_council_hall, gammafunk_ghost_stat_death
D:5:      lemuel_ice_spiral_2, layout_basic, lemuel_coloured_pillars_altar,
          uniq_menkaure

Skill      XL: |  1  2  3  4  5  6  7 |
---------------+----------------------+-----
Invocations    | 1 2 |  2.7
Short Blades   | 1 2 |  2.5
Long Blades    | 1 2 |  2.5
Axes           | 1 2 |  2.5
Maces & Flails | 1 2 |  2.5
Staves         | 1 2 |  2.5
Ranged Weapons | 1 2 |  2.5
Throwing       | 1 2 |  2.5
Armour         | 1 2 |  2.5
Dodging        | 1 2 |  2.5
Stealth        | 1 2 |  2.5
Shields        | 1 2 |  2.5
Unarmed Combat | 1 2 |  2.5
Evocations     | 1 2 |  2.5
Spellcasting   | 3 |  3.8
Conjurations   | 1 2 |  2.0
Hexes          | 1 2 |  2.0
Summonings     | 1 2 |  2.0
Necromancy     | 1 2 |  2.0
Translocations | 1 2 |  2.0
Transmutations | 1 2 |  2.0
Ice Magic      | 1 2 |  2.0
Air Magic      | 1 2 |  2.0
Earth Magic    | 1 2 |  2.0
Poison Magic   | 1 2 |  2.0
Fighting       | 7 |  7.0
Polearms       | 7 |  7.0
Fire Magic     | |  5.8

Action                   |  1- 3 |  4- 6 |  7- 9 || total
-------------------------+-------+-------+-------++-------
Melee: Spear             |    94 |    22 |       ||   116
       Bite              |     4 |     4 |       ||     8
       Punch             |     1 |     1 |       ||     2
       Trident           |       |    37 |     9 ||    46
       Unarmed           |       |     6 |       ||     6
 Cast: Scorch            |     6 |    20 |     7 ||    33
  Use: Scroll            |     1 |     4 |       ||     5
 Stab: Sleeping          |       |     2 |       ||     2
Armor: Robe              |    25 |     5 |     2 ||    32
Dodge: Dodged            |    49 |    23 |     8 ||    80

Table legend: (Time is in decaauts)
 A = Elapsed time spent in this place.
 B = Non-inter-level travel time spent in this place.
 C = Inter-level travel time spent in this place.
 D = Time resting spent in this place.
 E = Time spent auto-exploring this place.
 F = Levels seen in this place.
 G = Mean time per level.
                   A        B        C        D        E       F      G
               +--------+--------+--------+--------+--------+-----+--------+
         Total |   5018 |   4938 |     80 |   1355 |   1250 |   5 | 1003.6 |
       Dungeon |   5018 |   4938 |     80 |   1355 |   1250 |   5 | 1003.6 |
               +--------+--------+--------+--------+--------+-----+--------+

Top non-repeatable levels by time:
     D:2: 1427 daAuts
     D:4: 1247 daAuts
     D:1: 1040 daAuts
     D:3: 903 daAuts
     D:5: 400 daAuts
